 Dungeon Crawl Stone Soup version 0.24-a0-252-g5076262 (webtiles) character file.

Game seed: 6324691776777870911

30362 Syader the Nimble (level 13, -2/84 HPs)
             Began as a Kobold Hunter on Apr 17, 2019.
             Was a Follower of Ru.
             Slain by a yak (12 damage)
             ... on level 6 of the Lair of Beasts.
             The game lasted 01:39:53 (23458 turns).

Syader the Nimble (Kobold Hunter)                  Turns: 23458, Time: 01:39:54

Health: -2/84      AC: 10    Str: 16    XL:     13   Next: 88%
Magic:  17/19      EV: 38    Int: 13    God:    Ru [*.....]
Gold:   1003       SH:  7    Dex: 17    Spells: 15/20 levels left

rFire    . . .     SeeInvis .   H - +3 whip (elec)
rCold    . . .     Gourm    .   e - +0 buckler
rNeg     . . .     Faith    .   O - +2 ring mail {rPois}
rPois    +         Spirit   .   D - +2 hat
rElec    .         Reflect  .   v - +0 cloak (curse)
rCorr    .         Harm     .   (no gloves)
MR       .....                  (no boots)
Stlth    ++++......             t - amulet of the acrobat
HPRegen  0.24/turn              c - +4 ring of strength
MPRegen  0.16/turn              s - ring of wizardry

@: lethally poisoned (-2 -> -3), acrobat
A: small, carnivore, no conjurations magic, no hexes magic, no ice magic
a: Renounce Religion


You were on level 6 of the Lair of Beasts.
You worshipped Ru.
Ru was aware of your devotion.
You were full.

You visited 3 branches of the dungeon, and saw 17 of its levels.

You collected 1003 gold pieces.

Inventory:

Hand Weapons
 a - a +2 hand crossbow
 b - a +3 dagger of venom
 H - a +3 whip of electrocution (weapon)
Armour
 e - a +0 buckler (worn)
 i - a +0 cloak
 v - a cursed +0 cloak (worn)
 D - a +2 hat (worn)
 E - a +1 helmet
 O - a +2 ring mail of poison resistance (worn)
Jewellery
 c - a +4 ring of strength (left hand)
 k - an uncursed amulet of regeneration
 p - an uncursed ring of protection from magic
 s - a ring of wizardry (right hand)
 t - an amulet of the acrobat (around neck)
Wands
 B - a wand of polymorph (12)
 C - a wand of digging (3)
Scrolls
 m - 9 scrolls of remove curse
 r - 2 scrolls of teleportation
 u - a scroll of amnesia
 x - 4 scrolls of blinking
 z - a scroll of magic mapping
 I - 3 scrolls of fog
Potions
 g - 3 potions of brilliance
 h - 4 potions of might
 j - a potion of magic
 q - 2 potions of ambrosia
 w - a potion of berserk rage
 A - a potion of lignification
 J - a potion of haste
Comestibles
 f - 36 rations


   Skills:
 + Level 11.0 Fighting
 - Level 5.3 Short Blades
 - Level 10.9 Crossbows
 - Level 3.6 Armour
 * Level 13.5 Dodging
 - Level 11.0 Stealth
 - Level 6.0 Shields
 - Level 4.1 Spellcasting
 - Level 4.5 Translocations
 - Level 6.0 Evocations


You had 15 spell levels left.
You knew the following spells:

 Your Spells              Type           Power        Failure   Level  Hunger
a - Blink                 Tloc           N/A          3%          2    ##.....
c - Portal Projectile     Hex/Tloc       #.....       17%         3    ###....

Your spell library contained the following spells:

 Spells                   Type           Power        Failure   Level  Hunger
 Call Imp                 Summ           #.......     22%         2    ##.....
 Corona                   Hex            Unusable     N/A         1    N/A
 Magic Dart               Conj           Unusable     N/A         1    N/A
 Ensorcelled Hibernation  Hex/Ice        Unusable     N/A         2    N/A
 Slow                     Hex            Unusable     N/A         2    N/A
 Confuse                  Hex            Unusable     N/A         3    N/A
 Conjure Flame            Conj/Fire      Unusable     N/A         3    N/A
 Dazzling Spray           Conj/Hex       Unusable     N/A         3    N/A
 Inner Flame              Hex/Fire       Unusable     N/A         3    N/A
 Mephitic Cloud           Conj/Pois/Air  Unusable     N/A         3    N/A
 Tukima's Dance           Hex            Unusable     N/A         3    N/A
 Cause Fear               Hex            Unusable     N/A         4    N/A
 Leda's Liquefaction      Hex/Erth       Unusable     N/A         4    N/A

Dungeon Overview and Level Annotations

Branches:
Dungeon (10/15)            Temple (1/1) D:7            Lair (6/6) D:8
 Shoals (0/4) Lair:3        Slime (0/5) Lair:5
  Snake: Lair:2-4    Spider: Lair:2-4       Orc: D:9-12

Altars:
Ashenzari
Cheibriados
Dithmenos
Elyvilon
Fedhas
Gozag
Hepliaklqana
Kikubaaqudgha
Makhleb
Nemelex Xobeh
Okawaru
Qazlal
Ru
Sif Muna
Trog
Uskayaw
Vehumet
Wu Jian
Xom
Yredelemnul
Zin
The Shining One
Jiyva

Shops:
D:7 :

Annotations:
D:2 Sigmund
D:9 1 runed translucent door, exclusion: downstairs, Ijustatesigmund's ghost, novice OpFi
Lair:3 2 transporters, Duod's ghost, journeyman MiBe
Lair:4 exclusions: downstairs and 3 oklob plants
Lair:5 1 runed translucent door, exclusion: 3 oklob plants


Innate Abilities, Weirdness & Mutations

You are small and have problems with some larger weapons.
You are carnivorous and can eat meat at any time.
You cannot study or cast Conjurations magic.
You cannot study or cast Hexes magic.
You cannot study or cast Ice magic.


Message History

The spiny frog blinks!
The yak blinks! x2; The spiny frog blinks! x2
You blink.
The yak blinks!
The yak bellows!
As you read the scroll of fear, it crumbles to dust.
You assume a fearsome visage.
The spiny frog looks frightened!
The yak easily resists.
The yak looks frightened!
You feel sick.
The spiny frog enters a dispersal trap!
The yak blinks! x5; You blink.
The spiny frog blinks!
You see here a bolt.
Casting: Blink (safe; 3% risk of failure)
Confirm with . or Enter, or press ? or * to list all spells.
You blink.
The blink frog begins to attack, but is stunned by your will!
Okay, then.
Okay, then.
You feel sick. The yak completely misses you. The yak misses you.
The yak gores you!
You die...

,,,,,,,,........#....#
,,,,,,,*.............#
,,,,,*,.#.......#....#*
,,,*,,,#.............,*
,,,,,,,..............P*
,,,,,,,#..).......#*.#*
,,,*,,,.#...P.....##.##
,,**,,,#...P...<...#..#
,,,,,*,.........@.#..##
,,,,,,,#........Y.....#
,,,,,.,.#.......Y....##
,,,,P..##....F.......###
,,,,...........F.......#
,,,,...##....(.......P##
,,,,....#..............#
,,,,.........(..P....###
,,,,...P#.P..(.^...Y..#


You could see 2 yaks, a spiny frog and a blink frog.

Vanquished Creatures
  4 hydras
  A catoblepas (Lair:2)
  A necromancer (Lair:6)
  Pikel (D:7)
  4 elephants (Lair:4)
  A merfolk siren (Lair:3)
  A black mamba (Lair:5)
  9 spiny frogs
  A kobold demonologist (D:9)
  5 komodo dragons
  A rime drake (Lair:5)
  2 merfolk
  2 polar bears
  23 blink frogs
  6 hippogriffs
  23 yaks
  A wyvern (D:6)
  4 basilisks
  2 vampire mosquitoes (Lair:6)
  A steam dragon (D:9)
  2 hungry ghosts
  A naga (Lair:2)
  13 water moccasins
  9 porcupines
  2 ogres
  7 orc warriors
  A black bear (D:9)
  A slave (D:7)
  A necrophage (D:8)
  A wolf (Lair:2)
  4 centaurs
  11 crocodiles
  A big kobold (D:6)
  23 bullfrogs
  5 killer bees (D:8)
  2 scorpions
  5 electric eels
  3 crimson imps
  4 hounds
  2 jellies
  8 orc wizards
  4 orc priests
  A gnoll shaman (D:7)
  10 worker ants
  5 hell rats (Lair:6)
  4 iguanas
  A hound skeleton (D:7)
  2 worker ant zombies
  A howler monkey zombie (D:5)
  2 howler monkey skeletons
  16 gnolls
  13 adders
  3 adder skeletons
  A worm (D:3)
  2 dart slugs
  6 leopard geckos
  43 orcs
  5 bats
  6 giant cockroaches
  4 goblins
  6 hobgoblins
  18 jackals
  18 kobolds
  5 quokkas
  2 ball pythons (D:2)
  5 frilled lizards
  A jackal skeleton (D:4)
  A quokka skeleton (D:4)
  4 rats
  A fungus (Lair:1)
  3 plants
392 creatures vanquished.

Vanquished Creatures (collateral kills)
  A spiny frog (Lair:6)
  2 polar bear simulacra (Lair:6)
3 creatures vanquished.

Vanquished Creatures (others)
  A spiny frog (Lair:6)
  3 polar bears
  A blink frog (Lair:4)
  A hippogriff (Lair:4)
  An orc (D:9)
  32 fungi
  59 plants
98 creatures vanquished.

Grand Total: 493 creatures vanquished

Notes
Turn   | Place    | Note
-------+----------+-------------------------------------------
     0 | D:1      | Syader the Kobold Hunter began the quest for the Orb.
     0 | D:1      | Reached XP level 1. HP: 12/12 MP: 1/1
   174 | D:1      | Reached XP level 2. HP: 14/17 MP: 2/2
   795 | D:2      | Noticed Sigmund
   797 | D:2      | Reached XP level 3. HP: 20/21 MP: 3/3
   851 | D:2      | Reached skill level 5 in Stealth
   851 | D:2      | Reached XP level 4. HP: 18/26 MP: 4/4
   977 | D:2      | Found a sparkling altar of Nemelex Xobeh.
  1304 | D:2      | Reached skill level 3 in Dodging
  1490 | D:2      | Reached XP level 5. HP: 27/30 MP: 5/5
  2381 | D:3      | Found an opulent altar of Gozag.
  2391 | D:3      | Reached XP level 6. HP: 35/35 MP: 6/6
  2511 | D:3      | Found a snail-covered altar of Cheibriados.
  2635 | D:4      | Reached skill level 5 in Crossbows
  2635 | D:4      | Reached skill level 4 in Dodging
  2918 | D:4      | Reached XP level 7. HP: 40/40 MP: 7/7
  3784 | D:4      | Found an iron altar of Okawaru.
  3918 | D:4      | Reached skill level 1 in Short Blades
  4252 | D:5      | Entered Level 5 of the Dungeon
  4345 | D:5      | Found a shadowy altar of Dithmenos.
  4356 | D:5      | Reached skill level 5 in Fighting
  4530 | D:5      | Reached XP level 8. HP: 50/50 MP: 8/8
  5276 | D:6      | Reached skill level 5 in Short Blades
  5608 | D:6      | Reached skill level 1 in Shields
  5817 | D:6      | Reached XP level 9. HP: 57/57 MP: 9/9
  6031 | D:6      | Found a shattered altar of Ashenzari.
  6470 | D:7      | You fall through a shaft for 2 floors!
  6802 | D:8      | Found a staircase to the Lair.
  6815 | D:8      | Found a shadowy altar of Dithmenos.
  6821 | D:8      | Learned a level 2 spell: Blink
  6824 | D:8      | Learned a level 2 spell: Slow
  6857 | Lair:1   | Entered Level 1 of the Lair of Beasts
  6857 | Lair:1   | Noticed a komodo dragon
  7030 | D:7      | Found a staircase to the Ecumenical Temple.
  7066 | D:7      | Learned a level 3 spell: Portal Projectile
  7082 | Temple   | Entered the Ecumenical Temple
  7188 | Temple   | Became a worshipper of Ru the Awakened
  7279 | D:7      | Found Gihigouh's Book Boutique.
  7370 | D:7      | Noticed a hippogriff
  7505 | D:7      | Found a radiant altar of Vehumet.
  7560 | D:7      | Killed a hippogriff
  7858 | D:7      | Noticed Pikel
  7910 | D:7      | Killed Pikel
  7910 | D:7      | Reached XP level 10. HP: 27/64 MP: 10/10
  8394 | D:7      | Found a blossoming altar of Fedhas.
  8605 | D:8      | Reached skill level 10 in Stealth
  8610 | D:8      | HP: 1/64 [orc priest/divine providence (14)]
  9311 | D:8      | Reached skill level 1 in Translocations
  9774 | D:9      | Gained mutation: You cannot study or cast Ice magic. [Ru
                  | sacrifice]
  9774 | D:9      | Gained mutation: You cannot study or cast Hexes magic. [Ru
                  | sacrifice]
  9774 | D:9      | Gained mutation: You cannot study or cast Conjurations
                  | magic. [Ru sacrifice]
  9774 | D:9      | Reached * piety under Ru
 10064 | D:9      | Found a burning altar of Makhleb.
 10584 | D:9      | Found a runed translucent door.
 10584 | D:9      | Found a shimmering altar of Xom.
 10584 | D:9      | Noticed Ijustatesigmund's ghost (novice OpFi)
 10585 | D:9      | Noticed a +2 dire flail of chaos
 11024 | D:10     | Entered Level 10 of the Dungeon
 11086 | D:9      | Reached skill level 1 in Spellcasting
 11113 | D:9      | Noticed a kobold demonologist
 11130 | D:9      | Noticed a smoke demon
 11136 | D:9      | Killed a kobold demonologist
 11329 | Lair:1   | Killed a komodo dragon
 11388 | Lair:1   | Found an ornate altar of the Wu Jian Council.
 11398 | Lair:1   | Reached XP level 11. HP: 68/68 MP: 17/17
 12038 | Lair:1   | You fall through a shaft!
 12611 | Lair:1   | Reached skill level 10 in Crossbows
 13411 | Lair:2   | Noticed a catoblepas
 13430 | Lair:2   | Killed a catoblepas
 13482 | Lair:2   | Noticed a five-headed hydra
 13843 | Lair:2   | Noticed a four-headed hydra
 14294 | Lair:3   | Reached skill level 5 in Dodging
 14294 | Lair:3   | Reached XP level 12. HP: 58/74 MP: 18/18
 14312 | Lair:3   | Reached skill level 1 in Evocations
 14656 | Lair:3   | Reached skill level 6 in Dodging
 14730 | Lair:3   | Found a transporter.
 14735 | Lair:3   | Noticed Duod's ghost (journeyman MiBe)
 14828 | Lair:3   | Reached skill level 7 in Dodging
 15258 | Lair:3   | Found a transporter.
 15513 | Lair:3   | Reached skill level 8 in Dodging
 16263 | Lair:3   | Found a staircase to the Shoals.
 16862 | Lair:4   | Noticed a five-headed hydra
 16868 | Lair:4   | Noticed an eight-headed hydra
 17338 | Lair:5   | Noticed a seven-headed hydra
 17385 | Lair:5   | Reached skill level 9 in Dodging
 17385 | Lair:5   | Reached skill level 5 in Evocations
 17402 | Lair:5   | Found a runed translucent door.
 17402 | Lair:5   | Found a viscous altar of Jiyva.
 17402 | Lair:5   | Found a staircase to the Slime Pits.
 17470 | Lair:5   | HP: 2/75 [basilisk (10)]
 17691 | Lair:5   | Noticed a seven-headed hydra
 18299 | Lair:4   | Killed a five-headed hydra
 18299 | Lair:4   | Reached skill level 10 in Dodging
 18343 | Lair:4   | Reached XP level 13. HP: 36/80 MP: 19/19
 18682 | Lair:4   | Noticed a six-headed hydra
 19398 | Lair:4   | Reached skill level 11 in Dodging
 19529 | Lair:4   | Killed an eight-headed hydra
 19923 | Lair:4   | Reached skill level 10 in Fighting
 20249 | Lair:4   | Killed a six-headed hydra
 20249 | Lair:4   | Reached skill level 12 in Dodging
 20835 | Lair:5   | Killed a seven-headed hydra
 21130 | Lair:6   | Entered Level 6 of the Lair of Beasts
 22086 | Lair:5   | Reached skill level 13 in Dodging
 23458 | Lair:6   | Slain by a yak

Levels and vault maps discovered:
D:1:      dpeg_arrival_windows_large_door, layout_rooms,
          chequers_serial_rivers_marsh, minmay_pentomino_o4
D:2:      layout_loops_ring, nemelex_xobeh_ov_fountains_minmay, chequers_avenue,
          lexackson_kobold_supper, uniq_sigmund
D:3:      layout_loops_corners, lemuel_round_altar, lemuel_doored_altar
D:4:      layout_basic, first_ration, okawaru_metal_pillars_1_2
D:5:      layout_loops_ring, nicolae_dithmenos_the_darkroom
D:6:      layout_basic, nicolae_ashenzari_panopticon
D:7:      layout_basic, fedhas_bush_and_centaur_altar,
          overflow_temple_1_default, minmay_temple_entry_statues_fountains,
          serial_shops, nicolae_shop_crystal, serial_rivers,
          chequers_serial_rivers_micro_a, chequers_serial_rivers_micro_b,
          chequers_serial_rivers_micro_e, chequers_serial_rivers_room_a,
          uniq_pikel
D:8:      layout_loops_ring, lair_entry_dummy, basic_altar
D:9:      cheibrodos_elevator_heist, layout_cave_pools, old_standard_altar,
          special_room [special_room_orc], ebering_ghost_xom,
          hangedman_fish_farm, kennysheep_generic_room_16
D:10:     layout_basic, serial_shops, shop, minivault_16, bh_circular_ruins
Temple:   regret_index_temple_waves
Lair:1:   layout_long_grid, basic_altar, beast_lair_carwin_11,
          serial_bayou_shore_b, lemuel_fruit_fields
Lair:2:   layout_chaotic_city, minmay_snake_entry_guardpost_medium, basic_altar,
          nicolae_quartered_pool_super
Lair:3:   layout_hall_layers, elwin_shoals_entry_rooms,
          gammafunk_ghost_berserking_beasts, st_stairs_12, serial_bayou_shore_a,
          infiniplex_staircase_pool
Lair:4:   layout_big_grid, beast_lair_carwin_6, grunt_megastairs_1,
          minmay_lair_oklob_chamber
Lair:5:   layout_cave_shapes, slime_altar_2, dpeg_oklob_1
Lair:6:   minmay_lair_end_frog_pond, layout_long_grid, eino_house_with_fridge

Skill      XL: |  1  2  3  4  5  6  7  8  9 10 11 12 13 |
---------------+----------------------------------------+-----
Stealth        | 2 3 5 6 7 8 11 | 11.0
Dodging        | 3 4 5 10 13 | 13.5
Crossbows      | 5 10 | 10.9
Fighting       | 5 7 8 9 11 | 11.0
Short Blades   | 3 5 |  5.3
Shields        | 1 6 |  6.0
Translocations | 4 |  4.5
Spellcasting   | 4 |  4.1
Armour         | 3 |  3.6
Evocations     | 6 |  6.0

Action                   |  1- 3 |  4- 6 |  7- 9 | 10-12 | 13-15 || total
-------------------------+-------+-------+-------+-------+-------++-------
Melee: Short sword       |    71 |    13 |       |       |       ||    84
       Dagger            |       |       |   161 |   406 |   271 ||   838
       Whip              |       |       |       |   162 |   187 ||   349
 Fire: Hand crossbow     |    19 |   119 |   204 |   368 |    60 ||   770
Throw: Throwing net      |       |       |     2 |     2 |       ||     4
 Cast: Blink             |       |       |       |    11 |    18 ||    29
Invok: Sacrifice Arcana  |       |       |       |     1 |       ||     1
       Reject Sacrifices |       |       |       |     1 |       ||     1
Evoke: Wand              |       |       |       |    25 |    17 ||    42
       Sack of spiders   |       |       |       |       |     4 ||     4
  Use: Scroll            |     1 |     7 |    11 |    14 |     7 ||    40
       Potion            |     1 |       |       |     8 |     1 ||    10
 Stab: Sleeping          |     2 |       |     4 |    14 |       ||    20
       Distracted        |       |       |       |     1 |     3 ||     4
       Invisible         |       |       |       |     1 |       ||     1
       Paralysed         |       |       |       |     3 |       ||     3
       Confused          |       |       |       |     2 |       ||     2
  Eat: Chunk             |     4 |     9 |    13 |    44 |    15 ||    85
       Ration            |       |       |     1 |       |       ||     1
Armor: Leather armour    |    12 |     6 |    36 |    32 |       ||    86
       Ring mail         |       |       |       |    55 |   100 ||   155
       Skin              |       |       |       |    12 |       ||    12
Dodge: Dodged            |    52 |    39 |   162 |   455 |   435 ||  1143
Block: Buckler           |       |       |    39 |   187 |   150 ||   376

Table legend:
 A = Non-vault XP
 B = Vault XP
 C = Vault XP percentage of total XP
 D = Non-vault monster count
 E = Vault monster count
 F = Vault count percentage of total count
                 A         B        C        D         E       F
            +---------+---------+-------+---------+---------+-------
      Total |   30873 |   12502 |  28.8 |     317 |      80 |  20.2
            +---------+---------+-------+---------+---------+-------
        D:1 |      19 |       5 |  20.8 |      11 |       3 |  21.4
        D:2 |     142 |       7 |   4.7 |      26 |       5 |  16.1
        D:3 |     109 |       0 |   0.0 |      19 |       0 |   0.0
        D:4 |     637 |       0 |   0.0 |      25 |       0 |   0.0
        D:5 |     320 |       0 |   0.0 |      14 |       0 |   0.0
        D:6 |    1066 |       0 |   0.0 |      37 |       0 |   0.0
        D:7 |     979 |     722 |  42.4 |      29 |       2 |   6.5
        D:8 |    1060 |       0 |   0.0 |      17 |       0 |   0.0
        D:9 |     563 |    1650 |  74.6 |      16 |      32 |  66.7
       D:10 |       5 |       0 |   0.0 |       1 |       0 |   0.0
     Lair:1 |    3973 |     415 |   9.5 |      17 |       2 |  10.5
     Lair:2 |    3222 |     157 |   4.6 |      14 |       1 |   6.7
     Lair:3 |    4993 |     893 |  15.2 |      28 |       3 |   9.7
     Lair:4 |    8316 |    3709 |  30.8 |      35 |       8 |  18.6
     Lair:5 |    3773 |     584 |  13.4 |      16 |       3 |  15.8
     Lair:6 |    1696 |    4360 |  72.0 |      12 |      21 |  63.6
            +---------+---------+-------+---------+---------+-------
